 Dungeon Crawl Stone Soup version 0.26-a0-1205-g4083c211ab (webtiles) character file.

Game seed: 15995069757918906651

116 robertstho the Skirmisher (level 4, -1/37 HPs)
             Began as a Demonspawn Abyssal Knight on Dec 29, 2020.
             Was a Follower of Lugonu.
             Slain by a sky beast (3 damage)
             ... on level 2 of the Dungeon.
             The game lasted 00:04:59 (3337 turns).

robertstho the Skirmisher (DsAK)                    Turns: 3337, Time: 00:05:00

Health: -1/37      AC:  3    Str: 10 (13) XL:     4   Next: 70%
Magic:  0/6        EV: 11    Int: 11 (13) God:    Lugonu [*.....]
Gold:   144        SH:  0    Dex: 12 (13) Spells: 3/3 levels left

rFire    . . .     SeeInvis .   a - +1 falchion
rCold    . . .     Faith    .   (no shield)
rNeg     . . .     Spirit   +   b - +0 leather armour (curse)
rPois    .         Reflect  .   (helmet restricted)
rElec    .         Harm     .   (no cloak)
rCorr    .         Rampage  .   (no gloves)
Will     +....                  (no boots)
Stlth    +.........             (no amulet)
HPRegen  0.12/turn              g - ring of willpower
MPRegen  0.10/turn              (no ring)

@: no status effects
A: horns 1, yellow scales 1, deformed body, magic shield
a: Renounce Religion, Depart the Abyss


You were on level 2 of the Dungeon.
You worshipped Lugonu.
Lugonu was aware of your devotion.
You visited 1 branch of the dungeon, and saw 3 of its levels.
You visited the Abyss 1 time.

You collected 144 gold pieces.

Inventory:

Hand Weapons
 a - a +1 falchion (weapon)
Armour
 b - a cursed +0 leather armour (worn)
 f - a +0 chain mail
Jewellery
 g - a ring of willpower (left hand)
Scrolls
 c - a scroll of identify


   Skills:
 * Level 4.2 Fighting
 + Level 2.3 Long Blades
 + Level 2.4 Armour
 + Level 1.4 Dodging
 * Level 3.1 Invocations


You had 3 spell levels left.
You didn't know any spells.
Your spell library was empty.

Dungeon Overview and Level Annotations

Branches:
Dungeon (3/15)

Altars:
Xom

Annotations:
D:3 Ijyb, Jessica, Robin


Innate Abilities, Weirdness & Mutations

You are partially covered in yellow scales. (AC +2)
When hurt, damage is shared between your health and your magic reserves.
You have a pair of small horns on your head.
Armour fits poorly on your strangely shaped body.


Message History

You closely miss the sky beast.
The sky beast is heavily wounded.
The sky beast hits you but does no damage.
You hit the sky beast.
The sky beast is severely wounded.
The sky beast barely misses you.
You barely miss the sky beast.
The sky beast is severely wounded.
The sky beast closely misses you. x2
You miss the sky beast. Your headbutt misses the sky beast.
The sky beast is severely wounded.
The sky beast barely misses you.
You closely miss the sky beast. You headbutt the sky beast.
The sky beast is severely wounded.
The sky beast flickers out of sight!
Deactivating autopickup; reactivate with Ctrl-A.
Something hits you.
* * * LOW HITPOINT WARNING * * *
Something shocks you.
You die...

....#.# #.#.#####.# #.... ###.#.#
#.#.#...#.# #..#. #.#.#
#.#.#.#.#.# ###..##
#.#.########.#.#.#.######.8....
#.#..........#.#.####...P....P.
#.#..........#.#..#♣.P.........
###..<..............#####'#######
.....###########.#..##..P.P..##..
.........≈.....{@#..##.8P....##..
.....#############..##♣.._..♣##..
.....................###.⌠P######
####)#############.#.#.#######.##
...)>..(≈......................#
...)))..############.######.##.#
...................#...........#
...................#########)#.##
.....#.............#########.....


There were no monsters in sight!

Vanquished Creatures
  An orc wizard (D:2)
  A gnoll (D:1)
  An adder (D:2)
  2 dart slugs
  2 leopard geckos (D:1)
  6 orcs
  4 ball pythons
  A giant cockroach (D:1)
  14 goblins
  4 hobgoblins
  A jackal (D:2)
  3 kobolds
  8 bats
  4 frilled lizards (D:1)
  3 rats
55 creatures vanquished.

Notes
Turn   | Place    | Note
-------+----------+-------------------------------------------
     0 | Abyss:1  | robertstho the Demonspawn Abyssal Knight began the quest
                  | for the Orb.
     0 | Abyss:1  | Reached XP level 1. HP: 18/18 MP: 2/2
    45 | Abyss:1  | Noticed a small abomination
    50 | D:1      | Escaped the Abyss
   101 | D:1      | Reached skill level 1 in Dodging
   322 | D:1      | Gained mutation: When hurt, damage is shared between your
                  | health and your magic reserves. [demonic ancestry]
   322 | D:1      | Reached XP level 2. HP: 22/24 MP: 3/3
   454 | D:1      | Reached * piety under Lugonu
   637 | D:1      | Reached XP level 3. HP: 24/30 MP: 2/4
  1289 | D:2      | Found a shimmering altar of Xom.
  1291 | D:2      | Found a shimmering altar of Xom.
  1292 | D:2      | Found a shimmering altar of Xom.
  1946 | D:2      | Reached skill level 4 in Fighting
  2064 | D:2      | Found a faded altar of an unknown god.
  2203 | D:3      | Noticed Robin
  2259 | D:3      | Noticed Ijyb
  2271 | D:3      | Gained mutation: Armour fits poorly on your strangely
                  | shaped body. [potion of mutation]
  2271 | D:3      | Gained mutation: You have a pair of small horns on your
                  | head. [potion of mutation]
  2493 | D:2      | Gained mutation: You are partially covered in yellow
                  | scales. (AC +2) [demonic ancestry]
  2493 | D:2      | Reached XP level 4. HP: 12/37 MP: 2/6
  3132 | D:3      | Noticed a sky beast
  3249 | D:3      | Noticed Jessica
  3337 | D:2      | Slain by a sky beast

Illustrated notes

Levels and vault maps discovered:
D:1:      saegor_arrival_simple_e, layout_loops_ring
D:2:      layout_basic, chequers_ecumenical_altar_lobes, xom_redecorated
D:3:      layout_rooms, uniq_robin, uniq_ijyb, uniq_jessica

Skill      XL: |  1  2  3 |
---------------+----------+-----
Dodging        | 1 |  1.4
Armour         | 2 |  2.4
Long Blades    | 2 |  2.3
Fighting       | 4 |  4.2
Invocations    | 3 |  3.1

Action                   |  1- 3 |  4- 6 || total
-------------------------+-------+-------++-------
Melee: Falchion          |   112 |    47 ||   159
       Headbutt          |     2 |    10 ||    12
Invok: Depart the Abyss  |     1 |       ||     1
  Use: Potion            |     4 |       ||     4
       Scroll            |     2 |     4 ||     6
Armor: Leather armour    |    36 |    17 ||    53
Dodge: Dodged            |   110 |    57 ||   167
       Rpst.: Falchion   |    38 |    16 ||    54

Table legend: (Time is in decaauts)
 A = Elapsed time spent in this place.
 B = Non-inter-level travel time spent in this place.
 C = Inter-level travel time spent in this place.
 D = Time resting spent in this place.
 E = Time spent auto-exploring this place.
 F = Levels seen in this place.
 G = Mean time per level.
                   A        B        C        D        E       F      G
               +--------+--------+--------+--------+--------+-----+--------+
         Total |   3378 |   3267 |    111 |    827 |   1940 |   4 |  844.5 |
       Dungeon |   3328 |   3217 |    111 |    827 |   1897 |   3 | 1109.3 |
         Abyss |     50 |     50 |      0 |      0 |     43 |   1 |   50.0 |
               +--------+--------+--------+--------+--------+-----+--------+

Top non-repeatable levels by time:
     D:2: 2182 daAuts
     D:1: 1065 daAuts
     D:3: 80 daAuts
 Abyss:1: 50 daAuts
